 Dungeon Crawl Stone Soup version 0.31.0-1-g2c135a008e (webtiles) character file.

Game seed: 11699313221421889258

557 qw the Shooter (level 7, -2/52 HPs)
             Began as a Djinni Hunter on Jan 23, 2024.
             Slain by a gnoll
             ... wielding a +2 whip of electrocution
              (4 damage)
             ... on level 5 of the Dungeon.
             The game lasted 00:00:12 (3493 turns).

qw the Shooter (Djinni Hunter)                      Turns: 3493, Time: 00:00:13

Health: -2/52      AC:  6    Str: 10    XL:     7   Next: 56%
Gold:   286        EV: 11    Int: 11    God:
                   SH:  0    Dex: 18

rFire   + + .        a - +0 shortbow (flame)
rCold   x . .        (shield currently unavailable)
rNeg    . . .        e - +0 ring mail
rPois   inf          (no helmet)
rElec   .            h - +0 cloak
rCorr   .            (no gloves)
SInv    .            (boots unavailable)
Will    .....        (no amulet)
Stlth   +            (no ring)
HPRegen 0.28/turn    (no ring)
MPRegen 0.00/turn

%: infuse magic (-3 HP)
@: flying
A: sickness immunity, fire resistance 2, cold vulnerability 1, float, innate
caster, HP casting, extra vitality 1
a: no special abilities


You were on level 5 of the Dungeon.
You visited 1 branch of the dungeon, and saw 5 of its levels.

You collected 286 gold pieces.


Innate Abilities, Weirdness & Mutations

You are immune to sickness and miasma.
You are immune to poison.
Your flesh is very heat resistant. (rF++)
You are vulnerable to cold. (rC-)
You float through the air rather than walking.
You learn spells naturally, not from books.
Your magical power is your life essence.
You have superior vitality. (+4 MHP)


   Skills:
 - Level 4.1 Fighting
 + Level 5.9 Ranged Weapons
 - Level 1.7 Armour
 - Level 3.1 Dodging
 - Level 0.7 Stealth


You knew the following spells:

 Your Spells              Type           Power      Damage    Failure   Level
a - Summon Small Mammal   Summ           0%         N/A       65%         1
b - Scorch                Fire           0%         2d5       80%         2
c - Call Canine Familiar  Summ           0%         N/A       95%         3
Your spell library was empty.

Inventory:

Hand Weapons
 a - a +0 shortbow of flaming (weapon)
Armour
 e - a +0 ring mail (worn)
 h - a +0 cloak (worn)
Jewellery
 g - a +4 ring of protection
Wands
 f - a wand of mindburst (13)
Scrolls
 b - 2 scrolls of identify
 i - a scroll of enchant weapon {unknown}
Potions
 c - 2 potions of curing
 d - a potion of resistance
 j - a potion of enlightenment {unknown}

Dungeon Overview and Level Annotations

Branches:
Dungeon (5/15)
 Temple: D:4-7

Altars:
Dithmenos
Hepliaklqana

Shops:
D:4 :


Message History

The gnoll hits you but does no damage. The gnoll closely misses you.
The gnoll hits you with a +2 whip of electrocution.
The gnoll hits you but does no damage.
You shoot an arrow.
The arrow hits the gnoll but does no damage.
The gnoll is heavily wounded.
The gnoll barely misses you.
The gnoll hits you with a +2 whip of electrocution.
You shoot an arrow. The arrow completely misses the gnoll.
The gnoll hits you with a +0 whip. The gnoll closely misses you.
You shoot an arrow.
The arrow hits the gnoll but does no damage.
The gnoll is heavily wounded.
The gnoll closely misses you.
The gnoll hits you with a +2 whip of electrocution.
You shoot an arrow. The arrow closely misses the gnoll.
The gnoll closely misses you. x2; The gnoll barely misses you.
The gnoll hits you with a +0 whip!
You shoot an arrow.
The arrow hits the gnoll but does no damage.
The gnoll is moderately wounded.
The gnoll completely misses you. The gnoll barely misses you.
You shoot an arrow. The arrow hits the gnoll.
The arrow burns the gnoll.
The gnoll is heavily wounded.
The gnoll hits you with a +0 whip.
The gnoll hits you with a +2 whip of electrocution.
You shoot an arrow. The arrow hits the gnoll.
The arrow burns the gnoll.
The gnoll is almost dead.
The gnoll barely misses you. x2
You shoot an arrow.
The arrow hits the gnoll but does no damage.
The gnoll is almost dead.
The gnoll hits you with a +0 whip.
The gnoll hits you but does no damage. x3
You shoot an arrow. The arrow hits the gnoll!
The arrow burns the gnoll.
You kill the gnoll!
The gnoll hits you with a +2 whip of electrocution.
You are electrocuted!
You shoot an arrow. The arrow closely misses the gnoll.
The gnoll hits you with a +2 whip of electrocution.
You die...

.................................
.............####.###.#######....
......######...#... #.# #..#.
......# # ##..... ##..#. ......#
#. .... #..##. ......# #.. # #%.#
? ###..## #^..#### ##.###. #..##
#....g)# #..##.. #.## #@#
####..#..# #.<############.#
####.....#..# ##............#.##
#......###..# ############....#
#.##.##.....#
########.#.....###.#
###.........#### #.#
###<..####...## ##.# #...###
##########... ######.###
#########.......


You could see a gnoll.

Vanquished Creatures
  Grinder (D:3)
  2 bombardier beetles
  An iguana (D:4)
  3 orc wizards
  2 gnolls (D:5)
  6 adders
  2 ribbon worms
  3 dart slugs
  11 orcs
  4 ball pythons
  4 bats (D:1)
  8 endoplasms
  4 giant cockroaches
  6 hobgoblins
  3 quokkas
  4 frilled lizards
  8 goblins
  6 kobolds
  9 rats
87 creatures vanquished.

Vanquished Creatures (others)
  An orc wizard (D:4)
1 creature vanquished.

Grand Total: 88 creatures vanquished

Notes
Turn   | Place    | Note
-------+----------+-------------------------------------------
     0 | D:1      | qw the Djinni Hunter began the quest for the Orb.
     0 | D:1      | Reached XP level 1. HP: 18/18 MP: 0/0
     0 | D:1      | 0 ||| qw: Version: 0.3-a-135-gb77e89d
     0 | D:1      | 0 ||| qw: Game counter: 838
     0 | D:1      | 0 ||| qw: Melee chars always use a shield: true
     0 | D:1      | 0 ||| qw: God list: Okawaru
     0 | D:1      | 0 ||| qw: Allow faded altars: false
     0 | D:1      | 0 ||| qw: Do Orc after clearing Dungeon:15 true
     0 | D:1      | 0 ||| qw: Do second Lair branch before Depths: true
     0 | D:1      | 0 ||| qw: Lair rune preference: random
     0 | D:1      | 0 ||| qw: Goals: Normal
     0 | D:1      | 0 ||| PLANNING D:1-11
   130 | D:1      | Reached XP level 2. HP: 23/23 MP: 0/0
   308 | D:1      | Reached XP level 3. HP: 27/28 MP: 0/0
   308 | D:1      | Learned a level 1 spell: Summon Small Mammal
   312 | D:1      | Reached skill level 4 in Ranged Weapons
   659 | D:1      | 659 ||| UPGRADING to +0 ring mail.
   669 | D:1      | 669 ||| DROPPING +0 leather armour.
   670 | D:1      | 670 ||| READING scroll labelled ABLIOMABBA.
   771 | D:1      | 771 ||| READING scroll labelled COCHEYGRA.
   771 | D:1      | 771 ||| BRANDING +0 shortbow.
   772 | D:1      | 772 ||| READING scroll labelled OKLEAC TUNT.
   773 | D:1      | 773 ||| READING scroll labelled IKLIS POIWAPN.
   774 | D:1      | 774 ||| DROPPING scroll of butterflies.
   811 | D:2      | 811 ||| DRINKING fuming inky potion.
   817 | D:2      | Reached skill level 1 in Armour
   817 | D:2      | Reached XP level 4. HP: 16/33 MP: 0/0
   819 | D:2      | 819 ||| FLEEEEING.
   822 | D:2      | 822 ||| FLEEEEING.
   823 | D:2      | 823 ||| FLEEEEING.
   824 | D:2      | 824 ||| FLEEEEING.
   825 | D:2      | 825 ||| STAIRDANCE
  1027 | D:2      | Reached skill level 3 in Fighting
  1285 | D:2      | Reached XP level 5. HP: 40/40 MP: 0/0
  1285 | D:2      | Learned a level 2 spell: Scorch
  1541 | D:2      | 1541 ||| READING scroll labelled XALOKI NOL POGG.
  1541 | D:2      | 1541 ||| IDENTIFYING green potion
  1542 | D:2      | 1542 ||| DRINKING 2 fuming white potions.
  1583 | D:3      | 1583 ||| STAIRDANCE
  1766 | D:3      | Noticed Grinder
  1769 | D:3      | Paralysed by Grinder for 3 turns
  1775 | D:3      | Paralysed by Grinder for 2 turns
  1783 | D:3      | Killed Grinder
  1784 | D:3      | Reached skill level 5 in Ranged Weapons
  1784 | D:3      | Reached XP level 6. HP: 46/46 MP: 0/0
  2249 | D:3      | 2249 ||| UPGRADING to +0 cloak.
  2254 | D:3      | 2254 ||| READING scroll of identify.
  2254 | D:3      | 2254 ||| IDENTIFYING fizzy coppery potion
  2255 | D:3      | 2255 ||| READING scroll labelled PAXEITHRETUROA.
  2260 | D:3      | 2260 ||| READING scroll labelled YZUDUY VIUWA.
  2261 | D:3      | 2261 ||| DROPPING potion of brilliance.
  2281 | D:4      | Found Uheik's Book Emporium.
  2307 | D:4      | Reached XP level 7. HP: 49/50 MP: 0/0
  2307 | D:4      | Learned a level 3 spell: Call Canine Familiar
  2309 | D:4      | Reached skill level 3 in Dodging
  2309 | D:4      | 2309 ||| FLEEEEING.
  2311 | D:4      | 2311 ||| FLEEEEING.
  2312 | D:4      | 2312 ||| FLEEEEING.
  2315 | D:4      | 2315 ||| FLEEEEING.
  2853 | D:4      | Found a shadowy altar of Dithmenos.
  2854 | D:4      | Noticed a shadow
  2861 | D:4      | Found a hazy altar of Hepliaklqana.
  3301 | D:5      | Entered Level 5 of the Dungeon
  3492 | D:5      | HP: 2/52 [gnoll/+2 whip of electrocution (14)]
  3493 | D:5      | Slain by a gnoll

Levels and vault maps discovered:
D:1:      lightli_arrival_maybe_door_vault, layout_loops_ring
D:2:      layout_loops_ring, minmay_pentomino_o4
D:3:      layout_loops_ring, nicolae_overflow_crystal_walls,
          mainiacjoe_overflow_24_doors, st_stairs_4, minmay_between,
          uniq_grinder
D:4:      layout_loops_ring, riverfiend_overflow_shadow_ancestor,
          roderic_roman_lattice, nicolae_stop_n_shop_2
D:5:      layout_rooms, serial_shops, nicolae_shop_back_alley_shop,
          nicolae_shop_bloodbath_and_beyond, shop, eino_tiny_chamber,
          uniq_crazy_yiuf_cottage

Skill      XL: |  1  2  3  4  5  6  7 |
---------------+----------------------+-----
Ranged Weapons | 4 5 |  5.9
Armour         | 1 |  1.7
Fighting       | 3 4 |  4.1
Dodging        | 3 |  3.1
Stealth        | |  0.7

Action                     |  1- 3 |  4- 6 |  7- 9 || total
---------------------------+-------+-------+-------++-------
   Fire: Shortbow          |    69 |   123 |   100 ||   292
    Use: Scroll            |     4 |     4 |       ||     8
         Potion            |     1 |     1 |       ||     2
 Armour: Leather armour    |    10 |       |       ||    10
         Ring mail         |     3 |    20 |    55 ||    78
  Dodge: Dodged            |    23 |    25 |    29 ||    77

Table legend:
 A = Non-vault XP
 B = Vault XP
 C = Vault XP percentage of total XP
 D = Non-vault monster count
 E = Vault monster count
 F = Vault count percentage of total count
                 A         B        C        D         E       F
            +---------+---------+-------+---------+---------+-------
      Total |     478 |     318 |  39.9 |      77 |      11 |  12.5
            +---------+---------+-------+---------+---------+-------
        D:1 |      36 |       0 |   0.0 |      23 |       0 |   0.0
        D:2 |     100 |      16 |  13.8 |      20 |       3 |  13.0
        D:3 |      35 |     302 |  89.6 |      13 |       8 |  38.1
        D:4 |     232 |       0 |   0.0 |      18 |       0 |   0.0
        D:5 |      75 |       0 |   0.0 |       3 |       0 |   0.0
            +---------+---------+-------+---------+---------+-------
